 Dungeon Crawl Stone Soup version 0.31-a0-150-g89dc3ad700 (webtiles) character file.

Game seed: 12917494969543919918

53 qw the Shooter (level 3, 0/22 HPs)
             Began as a Gargoyle Hunter on June 8, 2023.
             Slain by a goblin
             ... wielding a +0 club
             ... led by Robin
              (4 damage)
             ... on level 2 of the Dungeon.
             The game lasted 00:00:28 (900 turns).

qw the Shooter (Gargoyle Hunter)                     Turns: 900, Time: 00:00:28

Health: 0/22       AC:  8    Str: 14    XL:     3   Next: 89%
Magic:  3/3        EV: 11    Int:  9    God:
Gold:   60         SH:  0    Dex: 15    Spells: 2/2 levels left

rFire   . . .        Y - +0 shortbow
rCold   . . .        (shield currently unavailable)
rNeg    + . .        d - +0 ring mail
rPois   inf          (no helmet)
rElec   +            (no cloak)
rCorr   .            (no gloves)
SInv    .            (no boots)
Will    .....        (no amulet)
Stlth   +            (no ring)
HPRegen 0.23/turn    (no ring)
MPRegen 0.08/turn

%: no passive effects
@: no status effects
A: sickness immunity, AC +3, negative energy resistance 1, electricity
resistance, torment resistance 1, petrification resistance
a: no special abilities


You were on level 2 of the Dungeon.
You visited 1 branch of the dungeon, and saw 2 of its levels.

You collected 60 gold pieces.


Innate Abilities, Weirdness & Mutations

You are immune to sickness and miasma.
Your stone body is resilient. (AC +3)
You are immune to poison.
You resist negative energy. (rN+)
You are resistant to electric shocks. (rElec)
You are resistant to unholy torment.
You are immune to petrification.


   Skills:
 + Level 2.5 Fighting
 - Level 5.0 Ranged Weapons
 - Level 1.4 Armour
 - Level 1.5 Dodging
 - Level 1.1 Stealth


You had 2 spell levels left.
You didn't know any spells.
Your spell library was empty.

Inventory:

Hand Weapons
 Y - a +0 shortbow (weapon)
Armour
 d - a +0 ring mail (worn)
Potions
 g - a potion of heal wounds {unknown}

Dungeon Overview and Level Annotations

Branches:
Dungeon (2/15)

Altars:


Message History

The goblin hits you with a +0 dagger. The goblin barely misses you.
The goblin hits you but does no damage.
You shoot an arrow. The arrow hits the goblin.
You kill the goblin!
A ball python comes into view.
A goblin comes into view. It is wielding a +0 club.
The goblin closely misses you. The goblin hits you but does no damage.
The goblin closely misses you.
You shoot an arrow. The arrow hits the goblin.
You kill the goblin!
The ball python closely misses you. The ball python grabs you.
The ball python constricts you. The goblin barely misses you.
The goblin closely misses you. The goblin hits you with a +0 dagger.
You shoot an arrow. The arrow hits the ball python!
You kill the ball python!
A hobgoblin comes into view.
The goblin hits you with a +0 dagger.
A goblin comes into view. It is wielding a +0 dagger.
The goblin hits you but does no damage. The goblin hits you with a +0 dagger.
You shoot an arrow. The hobgoblin shouts!
The goblin shouts!
The arrow hits the goblin.
You kill the goblin!
The goblin no longer looks unusually strong.
The goblin hits you but does no damage. The goblin misses you.
The goblin hits you with a +0 dagger. The goblin barely misses you.
You shoot an arrow. The arrow closely misses the goblin.
The goblin closely misses you. The goblin barely misses you.
You shoot an arrow. The arrow closely misses the goblin.
The goblin completely misses you. The goblin hits you but does no damage.
A goblin comes into view.
It is wielding a +0 dagger of protection.
You shoot an arrow.
The arrow hits the hobgoblin but does no damage.
The hobgoblin hits you but does no damage.
The goblin hits you but does no damage. x3
You shoot an arrow. The arrow hits the hobgoblin.
You kill the hobgoblin!
The goblin barely misses you. The goblin hits you with a +0 dagger.
The goblin hits you with a +0 club.
You die...

.... ######...
##.......#
........#
####.......### .
...>.........
...####..).......
...g..gg)<..)....
###.g@........$
#.#g......... !.
###.####..< ...
..# ). #.# ### .
#


You could see 5 goblins.

Vanquished Creatures
  Robin (D:2)
  A dart slug (D:2)
  4 endoplasms
  A giant cockroach (D:1)
  8 goblins
  2 hobgoblins
  6 jackals (D:1)
  3 quokkas (D:1)
  4 ball pythons
  A bat (D:1)
  A frilled lizard (D:1)
  3 kobolds (D:1)
  4 rats
39 creatures vanquished.

Notes
Turn   | Place    | Note
-------+----------+-------------------------------------------
     0 | D:1      | qw the Gargoyle Hunter began the quest for the Orb.
     0 | D:1      | Reached XP level 1. HP: 12/12 MP: 1/1
     0 | D:1      | 0 ||| qw: Version: 0.2-a-119-g7aa9181
     0 | D:1      | 0 ||| qw: Game counter: 2788
     0 | D:1      | 0 ||| qw: Always use a shield: true
     0 | D:1      | 0 ||| qw: God list: Okawaru
     0 | D:1      | 0 ||| qw: Allow faded altars: false
     0 | D:1      | 0 ||| qw: Do Orc after D:15 true
     0 | D:1      | 0 ||| qw: Do second Lair branch before Depths: true
     0 | D:1      | 0 ||| qw: Lair rune preference: random
     0 | D:1      | 0 ||| qw: Plans: Normal
     0 | D:1      | 0 ||| PLANNING D:1-11
   151 | D:1      | Reached XP level 2. HP: 17/17 MP: 2/2
   203 | D:1      | 203 ||| FLEEEEING.
   204 | D:1      | 204 ||| FLEEEEING.
   574 | D:1      | Reached XP level 3. HP: 19/21 MP: 3/3
   620 | D:1      | Reached skill level 5 in Ranged Weapons
   741 | D:1      | 741 ||| UPGRADING to +0 ring mail.
   751 | D:1      | 751 ||| DROPPING +0 leather armour.
   752 | D:1      | 752 ||| READING scroll labelled KUJUEVO RYLEUD.
   753 | D:1      | 753 ||| READING scroll labelled DUBAOXTAYHIN.
   854 | D:1      | 854 ||| READING scroll labelled XELUEC BACUSEO.
   858 | D:1      | 858 ||| READING scroll labelled WALOQIN NEOLE.
   859 | D:1      | 859 ||| READING scroll labelled AZORE DASUDO.
   860 | D:1      | 860 ||| DROPPING scroll of butterflies.
   880 | D:2      | Noticed Robin
   887 | D:2      | Killed Robin
   888 | D:2      | Reached skill level 1 in Armour
   895 | D:2      | HP: 5/22 [goblin/+0 dagger[Robin] (3)]
   900 | D:2      | HP: 4/22 [goblin/+0 dagger[Robin] (1)]
   900 | D:2      | Slain by a goblin

Levels and vault maps discovered:
D:1:      nzn_arrival_settlement, layout_loops_cross
D:2:      layout_rooms, minmay_misc_feat_tiny, minmay_pentomino_x4, uniq_robin

Skill      XL: |  1  2  3 |
---------------+----------+-----
Ranged Weapons | 5 |  5.0
Armour         | 1 |  1.4
Fighting       | |  2.5
Dodging        | |  1.5
Stealth        | |  1.1

Action                     || total
---------------------------++-------
   Fire: Shortbow          ||   123
    Use: Scroll            ||     5
 Armour: Leather armour    ||    19
         Ring mail         ||    24
  Dodge: Dodged            ||    52

Table legend:
 A = Non-vault XP
 B = Vault XP
 C = Vault XP percentage of total XP
 D = Non-vault monster count
 E = Vault monster count
 F = Vault count percentage of total count
                 A         B        C        D         E       F
            +---------+---------+-------+---------+---------+-------
      Total |      53 |      26 |  32.9 |      32 |       7 |  17.9
            +---------+---------+-------+---------+---------+-------
        D:1 |      45 |       0 |   0.0 |      28 |       0 |   0.0
        D:2 |       8 |      26 |  76.5 |       4 |       7 |  63.6
            +---------+---------+-------+---------+---------+-------
